 Dungeon Crawl Stone Soup version 0.22-a0-117-g314b907 (webtiles) character file.

238 galech the Ruffian (level 5, -5/53 HPs)
             Began as a Troll Monk on Jan 29, 2018.
             Slain by Duvessa
             ... wielding a +2 short sword of venom
              (11 damage)
             ... on level 4 of the Dungeon.
             The game lasted 00:02:32 (1694 turns).

galech the Ruffian (Troll Monk)                     Turns: 1694, Time: 00:02:33

Health: -5/53      AC:  7    Str: 20    XL:     5   Next: 78%
Magic:  4/4        EV: 11    Int:  6    God:
Gold:   122        SH:  0    Dex: 12    Spells: 4/4 levels left

rFire    . . .     SeeInvis .     - Unarmed
rCold    . . .     Gourm    +   (no shield)
rNeg     . . .     Faith    +   z - +2 robe {MR+}
rPois    +         Spirit   .   (helmet restricted)
rElec    .         Reflect  .   (no cloak)
rCorr    .         Harm     .   (gloves unavailable)
MR       +....                  (boots unavailable)
Stlth    +.........             o - amulet of faith
HPRegen  0.57/turn              j - ring of loudness (curse)
MPRegen  0.09/turn              h - ring of poison resistance

@: lethally poisoned (-5 -> -9)
A: large, unfitting armour, claws 3, fast metabolism 3, gourmand, regeneration
1, shaggy fur 1, tough skin 2
a: no special abilities


You were on level 4 of the Dungeon.
You were completely stuffed.

You visited 1 branch of the dungeon, and saw 4 of its levels.

You collected 122 gold pieces.

Inventory:

Armour
 a - a +0 robe
 z - a +2 robe of magic resistance (worn)
Jewellery
 h - a ring of poison resistance (right claw)
 j - a cursed ring of loudness (left claw)
 o - an amulet of faith (around neck)
 A - an uncursed ring of stealth {unknown}
Scrolls
 c - 4 scrolls of identify {unknown}
 e - 2 scrolls of blinking {unknown}
 f - a scroll of magic mapping {unknown}
 g - a scroll of remove curse {unknown}
 p - a scroll of immolation {unknown}
 s - 3 scrolls of teleportation {unknown}
 t - 2 scrolls of amnesia {unknown}
 u - a scroll of fear {unknown}
 x - a scroll of enchant weapon {unknown}
 y - a scroll of enchant armour {unknown}
Potions
 d - a potion of might {unknown}
 i - 2 potions of curing {unknown}
 k - 4 potions of degeneration {unknown}
 l - a potion of agility {unknown}
 n - a potion of magic {unknown}
 q - a potion of heal wounds {unknown}
 r - a potion of mutation {unknown}
 v - a potion of ambrosia {unknown}
 w - 2 potions of flight {unknown}
 B - a potion of resistance {unknown}
 C - a potion of lignification {unknown}
Comestibles
 b - 9 rations
 m - 6 chunks of flesh


   Skills:
 + Level 3.5 Fighting
 - Level 3.0 Dodging
 - Level 1.1 Stealth
 * Level 5.2 Unarmed Combat


You had 4 spell levels left.
You didn't know any spells.

Dungeon Overview and Level Annotations

Branches:
Dungeon (3/15)

Altars:

Annotations:
D:4 Duvessa


Innate Abilities, Weirdness & Mutations

You are too large for most types of armour.
You have claws for hands.
Your metabolism is lightning-fast.
You like to eat raw meat.
Your natural rate of healing is unusually fast.
You are covered in fur. (AC +1)
You have very tough skin. (AC +2)


Message History

You are too injured to fight recklessly!
You are too injured to fight recklessly!
You are too injured to fight recklessly!
You are too injured to fight recklessly!
You are too injured to fight recklessly!
You are too injured to fight recklessly!
You are too injured to fight recklessly!
You are too injured to fight recklessly!
You are too injured to fight recklessly!
You are too injured to fight recklessly!
You scratch Duvessa.
Duvessa is severely wounded.
Duvessa hits you with a short sword of venom.
You claw Duvessa!
Duvessa is almost dead.
Duvessa hits you with a short sword of venom!
* * * LOW HITPOINT WARNING * * *
You are poisoned.
Duvessa hits you with a short sword of venom!
You die...

#....#
PP≈..###.....######
PP.PP#........ ...####
≈≈♣≈PP≈P.....# ......###
≈♣≈♣≈PP≈≈....###........
PP≈≈≈♣≈PPP..............
.PP♣♣≈≈≈PP..............
PPPP♣♣♣≈≈P.#.###.).Z....
.PP♣≈≈♣≈P.....##@e......
≈PP♣≈≈≈P≈P##.........###
≈≈♣≈≈P≈≈P....^.........#
≈♣P≈P................#.#
PP.P....#............#.#
P≈.....................#
........................
.....................###
....................[...


You could see Duvessa (berserk) and an adder skeleton.

Vanquished Creatures
  Blork the orc (D:4)
  Dowan (D:4)
  A hound (D:4)
  An iguana (D:4)
  An adder (D:2)
  An adder skeleton (D:4)
  2 worms (D:2)
  A dart slug (D:2)
  2 leopard geckos
  A giant cockroach (D:2)
  3 goblins (D:1)
  3 hobgoblins
  9 jackals
  A quokka (D:4)
  5 bats (D:2)
  2 frilled lizards
  4 kobolds
  3 rats
42 creatures vanquished.

Notes
Turn   | Place    | Note
-------+----------+-------------------------------------------
     0 | D:1      | galech the Troll Monk began the quest for the Orb.
     0 | D:1      | Reached XP level 1. HP: 22/22 MP: 0/0
   550 | D:2      | Reached XP level 2. HP: 29/29 MP: 1/1
   897 | D:2      | Reached XP level 3. HP: 33/36 MP: 2/2
  1303 | D:3      | You fall through a shaft!
  1315 | D:4      | Reached skill level 4 in Unarmed Combat
  1315 | D:4      | Reached XP level 4. HP: 20/44 MP: 3/3
  1391 | D:4      | Noticed Blork the orc
  1406 | D:4      | Killed Blork the orc
  1406 | D:4      | Reached XP level 5. HP: 28/53 MP: 4/4
  1684 | D:4      | Noticed Dowan
  1685 | D:4      | Noticed Duvessa
  1688 | D:4      | Killed Dowan
  1688 | D:4      | Reached skill level 5 in Unarmed Combat
  1694 | D:4      | Slain by Duvessa

Vault maps used:
D:1:      minmay_arrival_semitransparent, feat_on_display
D:2:      dk_noncrumbling_3
D:4:      grunt_ministairs_6, serial_bayou_lagoon_a, corner_web_ring,
          uniq_duvessa, uniq_blork_the_orc

Skill      XL: |  1  2  3  4  5 |
---------------+----------------+-----
Dodging        | 3 |  3.0
Unarmed Combat | 4 5 |  5.2
Fighting       | 3 |  3.5
Stealth        | |  1.1

Action                   |  1- 3 |  4- 6 || total
-------------------------+-------+-------++-------
Melee: Unarmed           |   101 |    41 ||   142
       Punch             |     1 |     1 ||     2
  Eat: Chunk             |    17 |     4 ||    21
Armor: Robe              |    51 |     9 ||    60
Dodge: Dodged            |    73 |    22 ||    95

Table legend:
 A = Spawn XP
 B = Non-spawn XP
 C = Spawn XP percentage of total XP
 D = Spawn monster count
 E = Non-spawn monster count
 F = Spawn count percentage of total count
 G = Total turns spent on level
                    A         B        C        D         E        F      G
               +---------+---------+-------+---------+---------+-------+---------
         Total |       0 |     340 |   0.0 |       0 |      42 |   0.0 |  1694
               +---------+---------+-------+---------+---------+-------+---------
           D:1 |       0 |      11 |   0.0 |       0 |       6 |   0.0 |   544
           D:2 |       0 |      47 |   0.0 |       0 |      17 |   0.0 |   576
           D:3 |       0 |      15 |   0.0 |       0 |       9 |   0.0 |   183
           D:4 |       0 |     267 |   0.0 |       0 |      10 |   0.0 |   391
               +---------+---------+-------+---------+---------+-------+---------
